 Dungeon Crawl Stone Soup version 0.31.0 (webtiles) character file.

Game seed: 13628619855131726404

186 qw the Trooper (level 5, -2/35 HPs)
             Began as a Gargoyle Hunter on Jan 19, 2024.
             Slain by an orc
             ... wielding a +0 whip
              (4 damage)
             ... on level 4 of the Dungeon.
             The game lasted 00:00:02 (1088 turns).

qw the Trooper (Gargoyle Hunter)                    Turns: 1088, Time: 00:00:03

Health: -2/35      AC:  9    Str: 15      XL:     5   Next: 66%
Magic:  5/5        EV: 11    Int:  8 (9)  God:
Gold:   28         SH:  0    Dex: 15      Spells: 4/4 levels left

rFire   . . .        a - +0 shortbow (flame)
rCold   . . .        (shield currently unavailable)
rNeg    + . .        c - +0 leather armour
rPois   inf          (no helmet)
rElec   +            (no cloak)
rCorr   .            (no gloves)
SInv    .            (no boots)
Will    .....        (no amulet)
Stlth   ++           (no ring)
HPRegen 0.25/turn    (no ring)
MPRegen 0.09/turn

%: no passive effects
@: no status effects
A: sickness immunity, AC +4, negative energy resistance 1, electricity
resistance, torment resistance 1, petrification resistance, iridescent scales 1
a: no special abilities


You were on level 4 of the Dungeon.
You visited 1 branch of the dungeon, and saw 3 of its levels.

You collected 28 gold pieces.


Innate Abilities, Weirdness & Mutations

You are immune to sickness and miasma.
Your stone body is resilient. (AC +4)
You are immune to poison.
You resist negative energy. (rN+)
You are resistant to electric shocks. (rElec)
You are resistant to unholy torment.
You are immune to petrification.
You are partially covered in iridescent scales. (AC +2)


   Skills:
 - Level 5.2 Fighting
 + Level 5.0 Ranged Weapons
 - Level 1.5 Dodging
 - Level 1.1 Stealth


You had 4 spell levels left.
You didn't know any spells.
Your spell library was empty.

Inventory:

Hand Weapons
 a - a +0 shortbow of flaming (weapon)
Armour
 c - a +0 leather armour (worn)
Potions
 d - a potion of haste
 e - a potion of cancellation
 g - a potion of mutation

Dungeon Overview and Level Annotations

Branches:
Dungeon (4/15)
 Temple: D:4-7

Altars:
Nemelex Xobeh


Message History

You shoot an arrow. The arrow hits the quokka.
The arrow burns the quokka.
You kill the quokka!
You open the door.
Found a sparkling altar of Nemelex Xobeh.
There is an open door here.
You open the door.
There is an open door here.
You open the door.
There is an open door here.
You open the door.
An orc wizard, an orc priest and 4 orcs come into view.
The orc wizard is wielding a +0 dagger of draining.
There is an open door here.
You shoot an arrow. The arrow hits the orc!
The arrow burns the orc.
You kill the orc!
The orc shouts! x2; The orc wizard shouts!
You shoot an arrow. The arrow closely misses the orc.
The orc closely misses you.
The orc priest casts a cantrip, but nothing happens.
You shoot an arrow. The arrow hits the orc.
The arrow burns the orc.
The orc is heavily wounded.
The orc hits you but does no damage.
The orc priest mumbles some strange prayers to Beogh against you.
Beogh smites you! The orc barely misses you.
You shoot an arrow. The arrow barely misses the orc.
The arrow barely misses the orc wizard.
The orc priest invokes the aid of Beogh against you.
Beogh smites you! The orc hits you with a +0 whip.
You shoot an arrow. The arrow barely misses the orc.
The arrow hits the orc wizard.
The arrow burns the orc wizard.
The orc wizard is moderately wounded.
The orc hits you with a +0 hand axe.
The orc priest invokes the aid of Beogh against you.
Beogh smites you! The orc barely misses you.
You shoot an arrow. The arrow hits the orc!
The arrow burns the orc.
You kill the orc!
The orc hits you but does no damage.
You shoot an arrow. The arrow barely misses the orc priest.
The orc priest closely misses you. The orc hits you with a +0 whip.
You die...

# ### .... ..# ....
#..# ##'###'..+..
+...'.#o.##.# ..
#...#o#oo#..# ..
#._.#.@##+..####.
#...#.#..#.......
+...'.#..#......# .#
+###'###'..+.).##.# .#
#.......#..#...##.##.#
#.......#..#........#
#
+###'###+###.####...#
+
#.##..##.....#.......#
+
#..............###...#
+


You could see an orc priest, an orc wizard and 2 orcs.

Vanquished Creatures
  Sigmund (D:4)
  2 dart slugs (D:1)
  2 orcs (D:4)
  3 ball pythons
  2 endoplasms
  2 giant cockroaches (D:1)
  2 goblins (D:1)
  2 hobgoblins (D:1)
  2 quokkas
  2 bats
  A frilled lizard (D:2)
  6 kobolds (D:1)
  3 rats (D:1)
30 creatures vanquished.

Notes
Turn   | Place    | Note
-------+----------+-------------------------------------------
     0 | D:1      | qw the Gargoyle Hunter began the quest for the Orb.
     0 | D:1      | Reached XP level 1. HP: 12/12 MP: 1/1
     0 | D:1      | 0 ||| qw: Version: 0.3-a-132-g3d54051
     0 | D:1      | 0 ||| qw: Game counter: 218
     0 | D:1      | 0 ||| qw: Melee chars always use a shield: true
     0 | D:1      | 0 ||| qw: God list: Okawaru
     0 | D:1      | 0 ||| qw: Allow faded altars: false
     0 | D:1      | 0 ||| qw: Do Orc after clearing Dungeon:15 true
     0 | D:1      | 0 ||| qw: Do second Lair branch before Depths: true
     0 | D:1      | 0 ||| qw: Lair rune preference: random
     0 | D:1      | 0 ||| qw: Goals: Normal
     0 | D:1      | 0 ||| PLANNING D:1-11
    52 | D:1      | Reached XP level 2. HP: 8/17 MP: 2/2
   563 | D:1      | Reached XP level 3. HP: 21/21 MP: 3/3
   786 | D:1      | 786 ||| DROPPING ring of magical power.
   787 | D:1      | 787 ||| READING scroll labelled KUMARO LEISOLL.
   888 | D:1      | 888 ||| READING scroll labelled VUVEICZ IMICK.
   888 | D:1      | 888 ||| IDENTIFYING murky white potion
   889 | D:1      | 889 ||| READING scroll labelled XOVICI IVVEER.
   890 | D:1      | 890 ||| READING scroll labelled MOISKU ONASIEN.
   894 | D:1      | 894 ||| READING scroll labelled FERPHU XIXTEJE.
   894 | D:1      | 894 ||| BRANDING +0 shortbow.
   895 | D:1      | 895 ||| DRINKING 2 viscous cyan potions.
   896 | D:1      | 896 ||| DRINKING 2 ruby potions.
   896 | D:1      | Gained mutation: You are partially covered in iridescent
                  | scales. (AC +2) [potion of mutation]
   897 | D:1      | 897 ||| DROPPING scroll of butterflies.
   971 | D:2      | You fall into a shaft and drop 2 floors!
  1005 | D:4      | Noticed Sigmund
  1013 | D:4      | 1013 ||| DRINKING white potion.
  1014 | D:4      | 1014 ||| DRINKING bubbling brown potion.
  1015 | D:4      | 1015 ||| DRINKING golden potion.
  1019 | D:4      | Killed Sigmund
  1020 | D:4      | Reached XP level 4. HP: 24/31 MP: 4/4
  1020 | D:4      | Reached XP level 5. HP: 27/35 MP: 5/5
  1070 | D:4      | Found a sparkling altar of Nemelex Xobeh.
  1086 | D:4      | HP: 1/35 [orc priest/divine providence (13)]
  1088 | D:4      | Slain by an orc

Levels and vault maps discovered:
D:1:      dpeg_arrival_more_subterranean_lakeside_camping, layout_basic
D:2:      layout_basic
D:4:      layout_rooms, trog_hazing_becter, mainiacjoe_overflow_big_doors,
          mainiacjoe_overflow_24_doors, minmay_temple_entry_overgrown,
          serial_glass, glass_columns_a, glass_columns_a, lemuel_flame_loot_1,
          uniq_sigmund, uniq_pikel

Skill      XL: |  1  2  3 |
---------------+----------+-----
Ranged Weapons | 5 |  5.0
Fighting       | 5 |  5.2
Dodging        | |  1.5
Stealth        | |  1.1

Action                     |  1- 3 |  4- 6 || total
---------------------------+-------+-------++-------
   Fire: Shortbow          |    77 |     9 ||    86
    Use: Scroll            |     5 |       ||     5
         Potion            |     5 |       ||     5
 Armour: Leather armour    |    20 |     5 ||    25
  Dodge: Dodged            |    14 |     5 ||    19

Table legend:
 A = Non-vault XP
 B = Vault XP
 C = Vault XP percentage of total XP
 D = Non-vault monster count
 E = Vault monster count
 F = Vault count percentage of total count
                 A         B        C        D         E       F
            +---------+---------+-------+---------+---------+-------
      Total |      53 |     214 |  80.1 |      29 |       1 |   3.3
            +---------+---------+-------+---------+---------+-------
        D:1 |      37 |       0 |   0.0 |      21 |       0 |   0.0
        D:2 |       5 |       0 |   0.0 |       3 |       0 |   0.0
        D:4 |      11 |     214 |  95.1 |       5 |       1 |  16.7
            +---------+---------+-------+---------+---------+-------
